 Dungeon Crawl Stone Soup version 0.27-a0-1384-g1422d76b99 (webtiles) character file.

Game seed: 1357485262469418913

415122 freelancePsychic the Stormcaller (level 21, -5/185 HPs)
             Began as a Demigod Air Elementalist on June 29, 2021.
             Slain by a green death (13 damage)
             ... summoned by a deep elf demonologist
             ... on level 3 of the Elven Halls on June 30, 2021.
             The game lasted 03:04:30 (69546 turns).

freelancePsychic the Stormcaller (DgAE)            Turns: 69546, Time: 03:04:31

Health: -5/185     AC: 13    Str: 13    XL:     21   Next: 58%
Magic:  39/39      EV: 19    Int: 50    God:
Gold:   2729       SH:  7    Dex: 14    Spells: 9/39 levels left

rFire    + . .     SeeInvis .   b - staff of conjuration
rCold    + + .     Faith    .   v - +2 buckler
rNeg     + . .     Spirit   .   e - +1 robe {Archmagi}
rPois    .         Reflect  .   X - +2 helmet {Int+3}
rElec    .         Harm     .   H - scarf {rC+ rF+}
rCorr    .         Rampage  .   d - +2 pair of gloves
Will     ++...     Archmagi +   r - +2 pair of boots {Fly}
Stlth    +.........             P - amulet of regeneration
HPRegen  1.40/turn              g - +6 ring of intelligence
MPRegen  0.26/turn              x - ring "Pamarir" {rC+ rN+}

@: silenced (expiring), flying, hasted, very quick
A: high mp 1, forlorn
}: 2/15 runes: barnacled, gossamer
a: no special abilities


You were on level 3 of the Elven Halls.
You visited 7 branches of the dungeon, and saw 38 of its levels.
You visited the Abyss 1 time.
You also visited: Ossuary, Bailey, Gauntlet, Ice Cave and Volcano.

You collected 4843 gold pieces.
You spent 2114 gold pieces at shops.

Inventory:

Missiles
 y - 13 throwing nets
 W - 16 curare-tipped darts
Armour
 a - a +1 cloak of cold resistance
 d - a +2 pair of gloves (worn)
 e - a +1 robe of the Archmagi (worn)
 r - a +2 pair of boots of flying (worn)
 v - a +2 buckler (worn)
 H - a scarf of resistance (worn)
 L - the +3 ring mail of Trumpets {rElec rCorr MP+9 Dex+4}
   (You bought it in a shop on level 14 of the Dungeon)

   Dex:       It affects your dexterity (+4).
   rElec:     It insulates you from electricity.
   MP:        It affects your magic capacity (+9).
   rCorr:     It protects you from acid and corrosion.
 S - +1 pearl dragon scales
 X - a +2 helmet of intelligence (worn)
Magical Staves
 b - a staff of conjuration (weapon)
Jewellery
 g - a +6 ring of intelligence (left hand)
 n - a +6 ring of intelligence
 p - a ring of fire
 s - a ring of wizardry
 t - a ring of magical power
 x - the ring "Pamarir" (right hand) {rC+ rN+}
   (You found it on level 4 of the Shoals)

   [ring of protection from cold]

   rC:        It protects you from cold.
   rN:        It protects you from negative energy.
 C - the ring of Sedwidie {rPois rC+}
   (You found it in an ice cave)

   [ring of protection from cold]

   rC:        It protects you from cold.
   rPois:     It protects you from poison.
 I - a ring of willpower
 P - an amulet of regeneration (around neck)
 Q - an amulet of magic regeneration
Wands
 c - a wand of polymorph (27)
 h - a wand of paralysis (16)
 o - a wand of flame (107)
 u - a wand of digging (4)
 O - a wand of acid (31)
 U - a wand of mindburst (24)
Scrolls
 f - 7 scrolls of teleportation {@r4}
 k - 6 scrolls of fog
 m - 16 scrolls of identify {@r1}
 w - 3 scrolls of fear
 F - 4 scrolls of amnesia
 G - 6 scrolls of immolation
 J - 3 scrolls of magic mapping
 R - 6 scrolls of holy word
 T - 8 scrolls of blinking
Potions
 i - 8 potions of ambrosia
 j - 9 potions of might
 l - 13 potions of lignification
 q - a potion of curing {@q1}
 z - 7 potions of attraction
 A - 2 potions of haste {@q3}
 B - 5 potions of flight
 D - a potion of resistance
 E - 5 potions of mutation
 K - 5 potions of brilliance
 V - 2 potions of heal wounds {@q2}
 Y - 3 potions of berserk rage
Miscellaneous
 N - a phantom mirror
 Z - a condenser vane (inert)


   Skills:
 + Level 15.6 Fighting
 - Level 8.7 Armour
 + Level 13.9 Dodging
 - Level 1.7 Stealth
 - Level 4.0 Shields
 + Level 12.9 Unarmed Combat
 - Level 9.5 Spellcasting
 - Level 15.5 Conjurations
 - Level 13.1 Transmutations
 + Level 17.1 Air Magic


You had 9 spell levels left.
You knew the following spells:

 Your Spells              Type           Power      Damage    Failure   Level
a - Searing Ray           Conj           100%       3d7       0%          2
b - Static Discharge      Conj/Air       100%       N/A       0%          2
c - Lightning Bolt        Conj/Air       80%        1d107     1%          5
d - Airstrike             Air            69%        N/A       0%          4
e - Irradiate             Conj/Tmut      77%        3d39      1%          5
f - Storm Form            Tmut/Air       66%        N/A       1%          7
g - Silence               Hex/Air        52%        N/A       1%          5

Your spell library contained the following spells:

 Spells                   Type           Power      Damage    Failure   Level
 Beastly Appendage        Tmut           100%       N/A       0%          1
 Magic Dart               Conj           100%       1d8       0%          1
 Shock                    Conj/Air       100%       1d9       0%          1
 Wereblood                Tmut           100%       N/A       0%          2
 Swiftness                Air            100%       N/A       0%          3
 Animate Skeleton         Necr           70%        N/A       1%          1
 Apportation              Tloc           70%        N/A       1%          1
 Foxfire                  Conj/Fire      100%       2x1d9     1%          1
 Pain                     Necr           100%       1d9       1%          1
 Sandblast                Erth           70%        2d15      1%          1
 Summon Small Mammal      Summ           100%       N/A       1%          1
 Blink                    Tloc           N/A        N/A       1%          2
 Call Imp                 Summ           35%        N/A       1%          2
 Ensorcelled Hibernation  Hex/Ice        70%        N/A       1%          2
 Passwall                 Tmut/Erth      77%        N/A       1%          2
 Poisonous Vapours        Pois/Air       100%       N/A       1%          2
 Sublimation of Blood     Necr           17%        N/A       1%          2
 Conjure Flame            Conj/Fire      100%       6-21      1%          3
 Dazzling Flash           Conj/Hex       100%       N/A       1%          3
 Ignite Poison            Fire/Tmut/Pois 79%        N/A       1%          3
 Mephitic Cloud           Conj/Pois/Air  100%       N/A       1%          3
 Spider Form              Tmut/Pois      46%        N/A       1%          3
 Stone Arrow              Conj/Erth      100%       3d13      1%          3
 Fulminant Prism          Conj/Hex       61%        3d27      1%          4
 Ice Form                 Ice/Tmut       93%        N/A       1%          4
 Iskenderun's Mystic Bla  Conj/Tloc      100%       2d19      1%          4
 Petrify                  Tmut/Erth      93%        N/A       1%          4
 Sticky Flame             Conj/Fire      100%       2d11      1%          4
 Summon Lightning Spire   Summ/Air       100%       N/A       1%          4
 Alistair's Intoxication  Tmut/Pois      62%        N/A       1%          5
 Blade Hands              Tmut           62%        N/A       1%          5
 Fireball                 Conj/Fire      61%        3d23      1%          5
 Freezing Cloud           Conj/Ice/Air   69%        6-21      1%          5
 Yara's Violent Unravell  Hex/Tmut       46%        3d18      1%          5
 Orb of Destruction       Conj           79%        9d19      1%          7
 Call Canine Familiar     Summ           35%        N/A       2%          3
 Confusing Touch          Hex            35%        N/A       2%          3
 Gell's Gravitas          Tloc           17%        N/A       2%          3
 Inner Flame              Hex/Fire       35%        N/A       2%          3
 Lesser Beckoning         Tloc           17%        N/A       2%          3
 Summon Guardian Golem    Hex/Summ       35%        N/A       2%          3
 Teleport Other           Tloc           35%        N/A       2%          3
 Tukima's Dance           Hex            35%        N/A       2%          3
 Vampiric Draining        Necr           17%        2d8       2%          3
 Bolt of Magma            Conj/Fire/Erth 53%        4d21      3%          5
 Dragon Form              Tmut           62%        N/A       3%          7
 Iron Shot                Conj/Erth      61%        9d11      6%          6
 Animate Armour           Summ/Erth      70%        N/A       10%         4
 Animate Dead             Necr           17%        N/A       10%         4
 Leda's Liquefaction      Hex/Erth       17%        N/A       10%         4
 Summon Ice Beast         Ice/Summ       35%        N/A       10%         4
 Eringya's Noxious Bog    Tmut/Pois      46%        N/A       10%         6
 Statue Form              Tmut/Erth      62%        N/A       10%         6
 Agony                    Necr           35%        N/A       26%         5
 Borgnjor's Vile Clutch   Necr/Erth      17%        N/A       26%         5
 Lee's Rapid Deconstruct  Erth           17%        3d12*     26%         5
 Manifold Assault         Tloc           35%        N/A       26%         5
 Metabolic Englaciation   Hex/Ice        17%        N/A       26%         5
 Summon Mana Viper        Hex/Summ       35%        N/A       26%         5
 Death Channel            Necr           17%        N/A       82%         6
 Invisibility             Hex            17%        N/A       82%         6
 Shadow Creatures         Summ           N/A        N/A       82%         6
 Simulacrum               Ice/Necr       17%        N/A       82%         6
 Haunt                    Necr/Summ      17%        N/A       100%        7
 Malign Gateway           Summ/Tloc      17%        N/A       100%        7
 Monstrous Menagerie      Summ           17%        N/A       100%        7
 Summon Horrible Things   Summ           17%        N/A       100%        8
 Shatter                  Erth           17%        3d16*     100%        9


Dungeon Overview and Level Annotations

Branches:
Dungeon (15/15)            Temple (0/1) D:7            Lair (6/6) D:10
 Shoals (4/4) Lair:4       Spider (4/4) Lair:4        Slime (0/5) Lair:6
    Orc (2/2) D:12            Elf (3/3) Orc:2        Vaults (4/5) D:14
  Crypt (0/3) Vaults:2     Depths (0/5) D:15        Ossuary (visited)
 Bailey (visited)           IceCv (visited)         Volcano (visited)
Gauntlet (visited)

Shops:
D:11 (   D:14 [   Orc:2 (!*![*   Elf:1 *!   Shoals:1 (   Vaults:2 =

Annotations:
D:10 3 runed translucent doors, miket3c's ghost, journeyman MiFi
Lair:6 exclusion: oklob plant
Spider:3 exclusion: downstairs
Elf:2 1 runed translucent door
Vaults:3 Margery


Innate Abilities, Weirdness & Mutations

Your attributes grow dramatically as you level up.
You have an increased reservoir of magic. (+10% MP)
You shall have no god before yourself.


Message History

You feel resistant to extremes of temperature.
You feel clever.
You fly up into the air.
You feel powerful.
The deep elf demonologist is engulfed in noxious fumes.
You block the cacodemon's attack. The cacodemon hits you!
* * * LOW HITPOINT WARNING * * *
You feel better.
The deep elf high priest is engulfed in noxious fumes.
The deep elf high priest appears confused.
The green death gestures at you.
The bolt of poison hits the cacodemon!
The bolt of poison hits you!!
You are poisoned.
* * * LOW HITPOINT WARNING * * *
You feel better. The cacodemon misses you. The cacodemon hits you!
* * * LOW HITPOINT WARNING * * *
The deep elf demonologist is engulfed in noxious fumes.
The deep elf demonologist hits the cacodemon with a +0 long sword.
The deep elf high priest is engulfed in noxious fumes.
The deep elf high priest appears confused.
The deep elf high priest hits the deep elf high priest but does no damage.
The deep elf high priest hits itself with a +0 long sword!
The deep elf high priest is killed!
You feel better.
The deep elf annihilator is engulfed in noxious fumes.
The deep elf annihilator casts a spell.
The deep elf annihilator blinks!
The deep elf high priest is engulfed in noxious fumes.
The deep elf high priest appears confused.
The deep elf high priest hits the deep elf demonologist with a +1 short sword of electrocution!
The deep elf demonologist gestures wildly while chanting.
The cacodemon hits you!
* * * LOW HITPOINT WARNING * * *
The cacodemon closely misses you.
The deep elf demonologist is engulfed in noxious fumes.
The deep elf demonologist appears confused.
The deep elf demonologist closely misses the cacodemon.
You feel better.
The deep elf annihilator is engulfed in noxious fumes.
The green death hits you!
You die...

##.##########...
#...'.......'...
#...#########...
####..... #...
#........# ##..
#....##### ##.
#.).)# ## ##))##
# #§@# # #22# ##
#1e# ##. #§3#
##.. §ee○ ##...
.§§e. #....
○§2.§ #....
☼☼§☼.§. #....
##...


You could see a Brimstone Fiend (summoned), a cacodemon (summoned), a reaper
(summoned), a green death (summoned), a deep elf annihilator (empowered), a sun
demon (summoned), 2 deep elf demonologists and a deep elf high priest
(confused).

Vanquished Creatures
  Mara (Vaults:4)
  A golden dragon (Vaults:4)
  A profane servitor (Abyss:3)
  A bone dragon (Abyss:3)
  Jorgrun (Shoals:1)
  3 deep elf blademasters
  2 deep elf master archers (Elf:3)
  A tentacled starspawn (Abyss:4)
  Polyphemus (Shoals:4)
  3 sphinxes
  Frances (Shoals:1)
  2 tengu reavers
  Kirke (Shoals:1)
  Donald (Orc:2)
  2 frost giants
  12 vault wardens
  A fire giant (D:15)
  3 ghost moths
  4 deep elf sorcerers
  Louise (Elf:1)
  5 emperor scorpions
  Aizul (Vaults:1)
  An orc warlord (Vaults:1)
  13 ironbound preservers
  3 war gargoyles
  5 deep elf elementalists
  6 very ugly things
  A deep elf demonologist (Elf:3)
  9 deep elf annihilators
  4 entropy weavers
  10 dire elephants
  2 deep elf death magi
  3 spark wasps
  A spark wasp (shapeshifter) (Elf:1)
  A bunyip (shapeshifter) (D:15)
  2 blizzard demons (IceCv)
  6 merfolk javelineers
  5 ettins
  4 crystal guardians
  A green death (Abyss:3)
  8 merfolk impalers
  Josephine (D:13)
  A fire dragon (Lair:4)
  4 deep elf high priests (Elf:3)
  8 vault guards
  4 great orbs of eyes
  10 boulder beetles
  A rakshasa (D:14)
  13 yaktaur captains
  Erolcha (Orc:2)
  3 hydras (shapeshifter) (D:15)
  13 ironbound frosthearts
  19 hydras
  An ice dragon (D:15)
  3 death knights
  9 ironbound thunderhulks
  A merfolk avatar (Shoals:3)
  4 alligator snapping turtles
  4 peacekeepers
  6 catoblepae
  15 centaur warriors
  26 dancing weapons
  10 two-headed ogres
  7 ogre magi
  A titan zombie (Vaults:4)
  A deep troll shaman (Lair:6)
  2 satyrs (Shoals:4)
  9 death yaks
  A tengu warrior (D:14)
  8 ironbound beastmasters
  3 merfolk aquamancers (Shoals:4)
  A deep troll earth mage (D:15)
  2 orc high priests (Elf:2)
  A hell knight (Vaults:3)
  10 deep elf knights
  2 shadow wraiths
  A fire crab (D:15)
  30 slime creatures
  A skeletal warrior (D:15)
  A sixfirhy (Abyss:3)
  A spatial maelstrom (Abyss:3)
  11 deep elf archers
  9 sea snakes
  A kraken simulacrum (Shoals:4)
  34 deep trolls
  8 orc knights
  16 wizards
  A lindwurm (shapeshifter) (Vaults:2)
  2 phantasmal warriors
  5 harpies (Shoals:1)
  15 ironbound convokers
  35 deep elf pyromancers
  31 deep elf zephyrmancers
  6 lindwurms
  3 necromancers
  2 tengu zombies (Vaults:4)
  16 manticores
  48 ugly things
  5 large abominations (D:9)
  27 wolf spiders
  An orc sorcerer (Elf:2)
  A fire giant zombie (Vaults:1)
  15 orb spiders
  6 cyclopes
  An oklob plant (Orc:1)
  A worldbinder (Abyss:3)
  17 elephants
  9 merfolk sirens
  A moth of wrath (Spider:2)
  3 fauns
  2 black mambas
  3 ice statues
  16 vault sentinels
  8 water nymphs
  19 cane toads
  A smoke demon (Abyss:3)
  4 molten gargoyles (Volcano)
  2 gargoyles
  3 rime drakes
  2 unseen horrors
  9 komodo dragons
  53 yaktaurs
  5 efreet
  A golden dragon simulacrum (IceCv)
  6 freezing wraiths
  6 ice devils (IceCv)
  2 tengu conjurers
  6 demonic crawlers
  5 human skeletons
  An ancient zyme (Abyss:3)
  An anaconda simulacrum (IceCv)
  A queen bee (shapeshifter) (Elf:2)
  24 merfolk
  32 jumping spiders
  3 trolls
  8 blink frogs
  3 polar bears
  A shadow dragon simulacrum (Vaults:4)
  A wolf spider simulacrum (D:15)
  9 wind drakes
  12 hornets
  14 snapping turtles
  13 dream sheep
  An elf zombie (Vaults:1)
  3 air elementals
  6 centaur simulacra
  A vampire (D:12)
  8 wyverns
  66 redbacks
  4 spriggans
  A shadow (D:10)
  2 ettin skeletons
  33 tarantellas
  3 dire elephant simulacra (IceCv)
  10 wraiths
  29 yaks
  11 water elementals
  2 hogs (Shoals:1)
  3 basilisks
  10 fire elementals
  5 steam dragons
  An alligator snapping turtle simulacrum (Shoals:4)
  A chaos spawn (Abyss:3)
  6 vampire mosquitoes
  6 harpy simulacra
  2 sea snake simulacra (Shoals:4)
  5 wargs
  A spatial vortex (Abyss:3)
  2 death yak simulacra
  3 iron troll simulacra (IceCv)
  An acid dragon (D:13)
  A naga (shapeshifter) (D:14)
  6 hydra simulacra (IceCv)
  An acid dragon (shapeshifter) (D:15)
  8 small abominations
  13 water moccasins
  3 sky beasts (D:6)
  33 orc warriors
  2 ice beasts
  3 black bears
  5 satyr simulacra (Shoals:4)
  2 necrophages
  A deep troll simulacrum (Vaults:4)
  An ettin simulacrum (IceCv)
  12 ogres
  12 boggarts
  47 wolves
  23 centaurs
  A phantom (D:4)
  A kobold brigand (D:11)
  16 bullfrogs
  8 gnoll sergeants (Bailey)
  A scorpion (D:6)
  2 earth elementals
  A merfolk simulacrum (Shoals:4)
  A water moccasin skeleton (D:6)
  6 killer bees (D:9)
  3 snapping turtle simulacra (Shoals:4)
  3 wights (D:6)
  An elephant simulacrum (IceCv)
  A human simulacrum (Vaults:1)
  4 manticore simulacra (Shoals:4)
  2 electric eels
  A draconian simulacrum (IceCv)
  5 centaur zombies
  2 human zombies
  4 hounds
  2 jellies
  7 gnoll shamans
  17 orc priests
  3 bullfrog skeletons
  A cyclops simulacrum (Shoals:4)
  Natasha (thrice) (D:2)
  Terence (D:2)
  3 iguanas
  14 orc wizards
  A polar bear simulacrum (IceCv)
  4 troll simulacra (IceCv)
  A hound skeleton (D:4)
  2 mummies (Ossuary)
  19 gnolls
  A howler monkey zombie (D:8)
  7 adders
  2 naga simulacra (IceCv)
  5 ogre simulacra (IceCv)
  8 white imps
  6 ufetubi
  2 adder zombies (Ossuary)
  2 dart slugs
  60 orcs
  6 ball pythons
  2 endoplasms (D:3)
  3 giant cockroaches (D:1)
  6 goblins
  A hobgoblin (shapeshifter) (Vaults:3)
  A hobgoblin (D:4)
  9 jackals
  3 quokkas
  4 bats
  3 frilled lizards
  2 goblin zombies (Ossuary)
  9 hobgoblin zombies (Ossuary)
  A jackal zombie (Ossuary)
  4 kobolds
  9 kobold zombies (Ossuary)
  9 orc zombies (Ossuary)
  A quokka skeleton (D:4)
  3 rats
  4 rat zombies (Ossuary)
  3 fire vortices (Volcano)
  A plant (Shoals:3)
  A starspawn tentacle (Abyss:4)
1697 creatures vanquished.

Vanquished Creatures (collateral kills)
  A wyvern (Lair:1)
1 creature vanquished.

Vanquished Creatures (others)
  A merfolk aquamancer (Shoals:4)
  A lindwurm (Volcano)
  A deep elf zephyrmancer (Elf:1)
  3 humans (Shoals:1)
  2 orcs (Elf:2)
  54 fungi
  192 plants
  4 starspawn tentacles
  2 tentacles (Shoals:4)
260 creatures vanquished.

Grand Total: 1958 creatures vanquished

Notes
Turn   | Place    | Note
-------+----------+-------------------------------------------
     0 | D:1      | freelancePsychic the Demigod Air Elementalist began the
                  | quest for the Orb.
     0 | D:1      | Reached XP level 1. HP: 14/14 MP: 5/5
    74 | D:1      | Reached skill level 1 in Conjurations
   510 | D:1      | Reached XP level 2. HP: 20/20 MP: 4/7
   594 | D:1      | Reached skill level 3 in Air Magic
   635 | D:1      | Learned a level 2 spell: Static Discharge
  1124 | D:2      | Noticed Terence
  1155 | D:2      | Killed Terence
  1156 | D:2      | Reached XP level 3. HP: 13/26 MP: 0/9
  1465 | D:2      | Noticed Natasha
  1470 | D:2      | Killed Natasha
  1471 | D:2      | Reached XP level 4. HP: 32/33 MP: 6/10
  1623 | D:2      | Noticed Natasha
  1701 | D:2      | Killed Natasha
  1833 | D:2      | Noticed Natasha
  1841 | D:2      | Killed Natasha
  2493 | D:3      | Reached XP level 5. HP: 35/38 MP: 8/12
  2969 | D:4      | Reached skill level 4 in Air Magic
  3432 | D:4      | Learned a level 5 spell: Lightning Bolt
  3623 | D:4      | Reached XP level 6. HP: 42/45 MP: 6/14
  4011 | D:5      | Entered Level 5 of the Dungeon
  4022 | D:5      | You fall into a shaft and drop 2 floors!
  4251 | D:7      | Found a sand-covered staircase.
  4259 | Ossuary  | Entered an ossuary
  4777 | Ossuary  | Reached XP level 7. HP: 48/50 MP: 13/16
  4945 | D:7      | Reached skill level 5 in Air Magic
  5021 | D:7      | Reached skill level 1 in Fighting
  5121 | D:7      | Learned a level 4 spell: Airstrike
  5309 | D:7      | Found a staircase to the Ecumenical Temple.
  6011 | D:6      | Reached skill level 5 in Conjurations
  6018 | D:6      | Noticed a steam dragon
  6213 | D:6      | Killed a steam dragon
  6214 | D:6      | Reached skill level 6 in Air Magic
  6214 | D:6      | Reached XP level 8. HP: 48/63 MP: 7/17
  6924 | D:6      | Learned a level 2 spell: Searing Ray
  7321 | D:6      | Noticed a deep elf zephyrmancer
  7323 | D:6      | Killed a deep elf zephyrmancer
  7324 | D:6      | Reached skill level 7 in Air Magic
  7426 | D:5      | Reached XP level 9. HP: 73/73 MP: 7/18
  9273 | D:8      | Noticed a two-headed ogre
  9275 | D:8      | Killed a two-headed ogre
  9276 | D:8      | Reached skill level 8 in Air Magic
 10204 | D:9      | Reached skill level 1 in Shields
 10652 | D:9      | Reached XP level 10. HP: 80/80 MP: 6/19
 10742 | D:9      | Noticed a wizard
 10746 | D:9      | Killed a wizard
 10848 | D:9      | Noticed a large abomination
 10848 | D:9      | Noticed a large abomination
 10848 | D:9      | Noticed a large abomination
 10849 | D:9      | Killed a large abomination
 10851 | D:9      | Killed a large abomination
 10851 | D:9      | Noticed a large abomination
 10852 | D:9      | Reached skill level 9 in Air Magic
 11238 | D:9      | Reached skill level 5 in Fighting
 11490 | D:9      | Killed a large abomination
 12008 | D:9      | Killed a large abomination
 12089 | D:9      | Found the +3 hat of Pondering {ponderous, Will+ MP+10
                  | Int+5}
 12104 | D:9      | Identified the +13 plate armour of Sloth {Int+8 Dex-4
                  | Stlth+}
 12476 | D:9      | Reached XP level 11. HP: 87/89 MP: 10/20
 12728 | D:10     | Entered Level 10 of the Dungeon
 13198 | D:10     | Found a runed translucent gate.
 13198 | D:10     | Found a runed translucent gate.
 13469 | D:10     | Reached skill level 10 in Air Magic
 13586 | D:10     | Found a runed translucent gate.
 13586 | D:10     | Noticed miket3c's ghost (journeyman MiFi)
 13588 | D:10     | Noticed an orc knight
 13597 | D:10     | Found a staircase to the Lair.
 13771 | D:11     | Noticed a two-headed ogre
 13774 | D:11     | Killed a two-headed ogre
 14238 | D:11     | Found Afoirpho's Weapon Boutique.
 14692 | D:11     | Noticed a two-headed ogre
 14697 | D:11     | Killed a two-headed ogre
 14698 | D:11     | Reached skill level 10 in Conjurations
 16625 | D:12     | Found a gate leading to a gauntlet.
 16645 | Gauntlet | Entered a Gauntlet
 16645 | Gauntlet | Found a transporter.
 16865 | Gauntlet | Found a transporter.
 16866 | Gauntlet | Found a transporter.
 16867 | Gauntlet | Found a transporter.
 16870 | Gauntlet | Found a runed translucent door.
 16871 | Gauntlet | Noticed a catoblepas
 16872 | Gauntlet | Found a runed translucent door.
 16874 | Gauntlet | Found a transporter.
 16877 | Gauntlet | Found a transporter.
 16878 | Gauntlet | Found a transporter.
 16885 | Gauntlet | Noticed a soul eater
 16887 | Gauntlet | Found a transporter.
 16889 | Gauntlet | Found a transporter.
 16890 | Gauntlet | Found a transporter.
 16892 | Gauntlet | Noticed a quicksilver ooze
 16898 | Gauntlet | Found a transporter.
 16901 | Gauntlet | Found a transporter.
 16902 | Gauntlet | Found a transporter.
 16907 | Gauntlet | Noticed a death scarab
 16907 | Gauntlet | Noticed a death scarab
 16911 | Gauntlet | Found a transporter.
 17191 | D:12     | Noticed a five-headed hydra
 17194 | D:12     | Killed a five-headed hydra
 17195 | D:12     | Reached skill level 1 in Armour
 17811 | D:12     | Reached skill level 11 in Air Magic
 17886 | D:12     | Found a staircase to the Orcish Mines.
 18317 | Lair:1   | Entered Level 1 of the Lair of Beasts
 18464 | Lair:1   | Reached XP level 12. HP: 100/100 MP: 16/22
 18472 | Lair:1   | Noticed a six-headed hydra
 18488 | Lair:1   | Killed a six-headed hydra
 18835 | Lair:1   | Noticed a five-headed hydra
 18838 | Lair:1   | Killed a five-headed hydra
 20077 | Lair:2   | Reached skill level 5 in Armour
 20583 | Lair:2   | Reached skill level 12 in Air Magic
 20757 | Lair:2   | Noticed a six-headed hydra
 20766 | Lair:2   | Killed a six-headed hydra
 21247 | Lair:3   | Noticed a five-headed hydra
 21337 | Lair:3   | Noticed a seven-headed hydra
 21343 | Lair:3   | Killed a seven-headed hydra
 21654 | Lair:3   | Reached XP level 13. HP: 72/105 MP: 14/24
 21666 | Lair:3   | Reached skill level 5 in Spellcasting
 23657 | Lair:4   | Found a hole to the Spider Nest.
 23684 | Lair:4   | Found a staircase to the Shoals.
 25937 | Lair:6   | Entered Level 6 of the Lair of Beasts
 26538 | Lair:6   | Reached XP level 14. HP: 116/116 MP: 28/28
 26597 | Lair:6   | Found a dark tunnel.
 26608 | Volcano  | Entered a volcano
 26780 | Volcano  | Reached skill level 13 in Air Magic
 28329 | Lair:6   | Identified the +7 dagger of Jorheah {freeze, *Noise rElec
                  | rCorr SInv}
 28439 | Lair:6   | Found a staircase to the Slime Pits.
 28770 | Orc:1    | Entered Level 1 of the Orcish Mines
 29435 | Orc:2    | Entered Level 2 of the Orcish Mines
 29507 | Orc:2    | Noticed Erolcha
 29511 | Orc:2    | Killed Erolcha
 29684 | Orc:2    | Noticed Donald
 30263 | Orc:2    | Found Boaleicw's Assorted Antiques.
 30263 | Orc:2    | Found Lixt's Distillery.
 30265 | Orc:2    | Found Hiulen's Weapon Shop.
 30267 | Orc:2    | Found Ziodac's Distillery.
 30351 | Orc:2    | Killed Donald
 30547 | Orc:2    | Found Fenilas's Overcharged Wands.
 30766 | Orc:2    | Found a staircase to the Elven Halls.
 30958 | Orc:2    | Found Viext's Antique Armour Emporium.
 31348 | D:13     | Reached skill level 10 in Fighting
 31859 | D:13     | Noticed Josephine
 31861 | D:13     | Killed Josephine
 32323 | D:14     | Found a flagged portal.
 32341 | Bailey   | Entered a bailey
 33219 | Bailey   | Found the +10 tower shield of Ignorance {rN+ Int-4}
 33438 | D:14     | Found Kochijakhlus's Armour Boutique.
 33444 | D:14     | Bought the +3 ring mail of Trumpets {rElec rCorr MP+9
                  | Dex+4} for 1186 gold pieces
 33549 | D:14     | Reached skill level 14 in Air Magic
 33562 | D:14     | Identified the +8 falchion "Ixtaet" {drain, *Slow Str+5}
 33674 | D:14     | Reached XP level 15. HP: 101/126 MP: 18/29
 33699 | D:14     | Reached skill level 5 in Dodging
 33975 | D:14     | Found a gate to the Vaults.
 34519 | D:15     | Entered Level 15 of the Dungeon
 34839 | D:15     | Upgraded the game from 0.27-a0-1378-gdefffd1ff6 to
                  | 0.27-a0-1384-g1422d76b99
 36357 | D:15     | Reached skill level 15 in Air Magic
 36844 | D:15     | Reached XP level 16. HP: 138/138 MP: 30/30
 36980 | D:15     | Reached skill level 15 in Conjurations
 37052 | D:15     | Identified a scroll of acquirement
 37053 | D:15     | Acquired a scarf of resistance
 37441 | D:15     | Found a staircase to the Depths.
 37968 | Spider:1 | Entered Level 1 of the Spider Nest
 40510 | Spider:2 | You fall into a shaft and drop 1 floor!
 42080 | Spider:2 | Identified the +1 robe of the Centipede {Will+ Int+4}
 43529 | Spider:3 | Paralysed by a hornet for 2 turns
 43999 | Spider:4 | Entered Level 4 of the Spider Nest
 44083 | Spider:4 | Reached XP level 17. HP: 146/146 MP: 20/34
 47357 | Spider:4 | Got a gossamer rune of Zot
 48003 | Vaults:1 | Entered Level 1 of the Vaults
 48010 | Vaults:1 | Learned a level 5 spell: Irradiate
 48087 | Vaults:1 | Reached skill level 10 in Dodging
 48090 | Vaults:1 | Reached skill level 1 in Transmutations
 48770 | Vaults:2 | Learned a level 7 spell: Storm Form
 48861 | Vaults:1 | Reached skill level 5 in Transmutations
 50397 | Vaults:1 | Noticed Aizul
 50414 | Vaults:1 | Killed Aizul
 50660 | Vaults:1 | Reached skill level 1 in Unarmed Combat
 50951 | D:14     | Reached XP level 18. HP: 98/154 MP: 33/36
 52481 | Vaults:2 | Found a staircase to the Crypt.
 52731 | Vaults:2 | Found Anesiut's Jewellery Shop.
 53142 | Vaults:2 | Reached skill level 5 in Unarmed Combat
 53748 | Vaults:2 | Reached skill level 10 in Transmutations
 56000 | Vaults:3 | Reached XP level 19. HP: 49/162 MP: 35/37
 56087 | Vaults:3 | Cast into level 3 of the Abyss (a wizard)
 56248 | Abyss:3  | Noticed a bone dragon
 56258 | Abyss:3  | Killed a bone dragon
 56312 | Abyss:3  | Noticed a profane servitor
 56325 | Abyss:3  | Killed a profane servitor
 56547 | Vaults:3 | Escaped the Abyss
 57132 | Vaults:2 | Bought an amulet of regeneration for 510 gold pieces
 57169 | Vaults:3 | You fall into a shaft and drop 1 floor!
 57617 | Vaults:3 | Noticed Margery
 58391 | Vaults:4 | Noticed Mara
 58412 | Vaults:4 | Killed Mara
 58794 | Vaults:4 | Reached skill level 10 in Unarmed Combat
 58932 | Vaults:4 | Noticed a golden dragon
 58940 | Vaults:4 | Killed a golden dragon
 59609 | Vaults:4 | Reached XP level 20. HP: 152/173 MP: 38/38
 60241 | Shoals:1 | Entered Level 1 of the Shoals
 60284 | Shoals:1 | Found Vaushry's Weapon Emporium.
 60382 | Shoals:1 | Noticed Kirke
 60385 | Shoals:1 | Killed Kirke
 60394 | Shoals:1 | Noticed Jorgrun
 60402 | Shoals:1 | Killed Jorgrun
 60618 | Shoals:1 | Noticed Frances
 60655 | Shoals:1 | Killed Frances
 61963 | Shoals:3 | Found a frozen archway.
 62046 | IceCv    | Entered an ice cave
 63060 | IceCv    | Identified the ring of Sedwidie {rPois rC+}
 63502 | Shoals:3 | Reached skill level 16 in Air Magic
 64176 | Shoals:4 | Entered Level 4 of the Shoals
 64661 | Shoals:4 | Noticed Polyphemus
 64680 | Shoals:4 | Killed Polyphemus
 64871 | Shoals:4 | Identified the ring "Pamarir" {rC+ rN+}
 65071 | Shoals:4 | Identified the +1 ring mail "Vuaf" {Will++ Regen+ MP+9
                  | Int-2}
 65143 | Shoals:4 | Got a barnacled rune of Zot
 65302 | Shoals:4 | Found a runed translucent gate.
 65309 | Shoals:4 | Found a runed translucent gate.
 65310 | Shoals:4 | Found a runed translucent gate.
 66304 | Elf:1    | Entered Level 1 of the Elven Halls
 66409 | Elf:1    | Found Puch's Assorted Antiques.
 66428 | Elf:1    | Found Veguvvuwk's Distillery.
 66481 | Elf:1    | Bought a potion of haste for 190 gold pieces
 66481 | Elf:1    | Bought a potion of cancellation for 152 gold pieces
 66481 | Elf:1    | Bought a potion of brilliance for 76 gold pieces
 66504 | Elf:1    | Found Diteakiarph's Jewellery Emporium.
 66729 | Elf:1    | Got the Tome of Conjuration
 66738 | Elf:1    | Learned a level 5 spell: Silence
 66896 | Elf:1    | Noticed Louise
 66910 | Elf:1    | Killed Louise
 67729 | Elf:2    | Reached skill level 15 in Fighting
 67783 | Elf:2    | Reached XP level 21. HP: 184/184 MP: 27/39
 68164 | Elf:2    | Found a runed translucent door.
 68228 | Elf:2    | Found a runed translucent door.
 68817 | Elf:3    | Entered Level 3 of the Elven Halls
 69043 | Elf:3    | Got the Catalogue of Supportive Venom
 69517 | Elf:3    | Reached skill level 17 in Air Magic
 69543 | Elf:3    | HP: 4/185 [green death/bolt of poison[a deep elf
                  | demonologist] (26)]
 69545 | Elf:3    | HP: 1/185 [cacodemon[a deep elf demonologist] (13)]
 69546 | Elf:3    | Slain by a green death

Illustrated notes

Levels and vault maps discovered:
D:1:      minmay_arrival_radiant_lines, layout_basic, basic_ecumenical_altar,
          minmay_misc_feat_five, minmay_tetromino_i4
D:2:      layout_rooms, uniq_natasha, uniq_terence
D:3:      layout_basic, nicolae_vehumet_radiance, grunt_decor_arrowhead,
          kennysheep_potato
D:4:      minmay_skewed_foursquare, layout_loops_ring
D:5:      layout_basic
D:6:      layout_loops_cross, guppyfry_early_elven_hall
D:7:      layout_cave_pods, nicolae_qazlal_scattered_showers, minitemple,
          minmay_temple_entry_enclosed_plants,
          lightli_ossuary_entry_decrepit_ruins
D:8:      layout_basic
D:9:      layout_roguey, grunt_gozag_statues, hangedman_decor_lopped, laboratory
D:10:     layout_loops_cross, grunt_temple_overflow_open, david_lair_shrubbed,
          ebering_ghost_gozag
D:11:     layout_layer_cave, serial_shops, shop
D:12:     layout_roguey, david_orc_1_choice, gauntlet_entry_generic
D:13:     layout_loops_cross, uniq_josephine
D:14:     layout_roguey, lightli_vaults_fourway_checkpoint, enter_bailey_2,
          serial_shops, nicolae_shop_competitors_out_of_business,
          lemuel_tele_altar, minivault_5, hangedman_abyss_or_decor_clamps
D:15:     hangedman_slaughterboxes
Lair:1:   wad_woods_settlement, layout_hall_layers, st_stairs_8,
          serial_bayou_shore_b
Lair:2:   nzn_winding_woodlands_stair_trap [nzn_winding_woodlands_5x15_crooked,
          nzn_winding_woodlands_5x15_split_checker,
          nzn_winding_woodlands_5x15_lazy_stream,
          nzn_winding_woodlands_15x15_five_gardens,
          nzn_winding_woodlands_5x15_parted, nzn_winding_woodlands_5x15_cabin,
          nzn_winding_woodlands_5x15_eye], layout_regular_city
Lair:3:   layout_misc_corridors, st_stairs_3, grunt_forest_large_clearings,
          infiniplex_staircase_pool
Lair:4:   dragon1_lemuel, layout_hall_layers, elwin_shoals_entry_rocks,
          nicolae_spider_entry_orb_guardian, serial_bayou_shore_b,
          grunt_megastairs_2
Lair:5:   layout_layer_cave, grunt_megastairs_3, serial_bayou_shore_a
Lair:6:   grunt_lair_end_beastmaster, layout_loops_ring,
          minmay_slime_entry_oklob_open, lightli_volcano_entry_magma_tube,
          chequers_serial_rivers_room_a, chequers_serial_rivers_micro_c
Shoals:1: layout_shoals, serial_shops, nicolae_shop_waterfront, uniq_kirke,
          uniq_frances, uniq_jorgrun
Shoals:2: layout_shoals, nicolae_shoals_stone_sculpture_thing
Shoals:3: layout_shoals, portal_ice_cave_entry_ice_statue_two
Shoals:4: shoals_end_simple, layout_shoals, nicolae_shoals_beach_cooler,
          uniq_polyphemus
Spider:1: layout_spider_delve
Spider:2: layout_spider_delve
Spider:3: layout_spider_delve, hangedman_spider_mandibles, drop_trap,
          nicolae_spider_jagged_tunnels
Spider:4: grunt_spider_rune_parallel
Orc:1:    layout_diamond_mine, mines3_lemuel
Orc:2:    st_orc_rangers, layout_caves, serial_shops, nicolae_lakefront_shop,
          nicolae_shop_overcharged_wands, uniq_erolcha, uniq_donald
Elf:1:    eino_elf_arrival_altar, layout_gridlike, serial_shops, shop,
          nicolae_shop_temple_entry_statues_fountains,
          nicolae_shop_behind_doors, minmay_elf_annihilation,
          elves_outpost_lemuel, uniq_louise
Elf:2:    layout_geoelf_octagon
Elf:3:    minmay_elf_hall_x, layout_geoelf_grid, minmay_strange_pillars,
          minivault_11
Vaults:1: hangedman_vaults_pinch, v_rooms_2, nicolae_vaults_what_the_h,
          hangedman_vaults_slice, vaults_room_semicircle, v_misc_28,
          vaults_dpeg_diagonal, hangedman_vaults_locks,
          vaults_room_stairs_pillars, layout_vaults_omnigrid, uniq_aizul
Vaults:2: nicolae_vaults_quartermaster, blue_anna_dwarven_crypt,
          vaults_dpeg_ring, hangedman_vaults_nodes, nicolae_vaults_shelves_hall,
          vaults_standard_mumra_lines, grunt_vaults_trifunnel,
          vaults_room_door_ring, nicolae_vaults_hallways_thing,
          vaults_room_pool, vaults_room_corners, vaults_room_door_ring,
          layout_vaults_omnibox, serial_shops, nicolae_shop_trees
Vaults:3: nicolae_vaults_border_crossing, v_misc_33,
          nicolae_vaults_specimen_jars, hangedman_vaults_stitches,
          dpeg_vaults_monster_box, grunt_vaults_bifocal, vaults_room_door_hall,
          hangedman_vaults_slither, st_cross, v_misc_14, vaults_room_pools,
          nicolae_vaults_circle_grid_a, layout_vaults_maze, uniq_margery
Vaults:4: hangedman_vaults_variations, grunt_vaults_funnel,
          vaults_room_door_ring, nicolae_vaults_three_branches,
          nicolae_vaults_network_periphery, ontoclasm_vaults_spin,
          nicolae_vaults_c_with_doors, v_misc_13, nicolae_vaults_rhombus_6,
          v_misc_29, layout_vaults_chaotic_city, uniq_mara

Skill      XL: |  1  2  3  4  5  6  7  8  9 10 11 12 13 14 15 16 17 18 19 20 21 |
---------------+----------------------------------------------------------------+-----
Conjurations   | 1 2 3 4 5 6 7 9 10 11 12 13 14 15 | 15.5
Spellcasting   | 2 3 4 6 8 9 |  9.5
Air Magic      | 3 4 6 7 8 9 11 12 14 15 16 17 | 17.1
Fighting       | 3 4 6 7 8 10 11 12 13 15 | 15.6
Dodging        | 4 6 8 10 11 13 | 13.9
Shields        | 1 4 |  4.0
Armour         | 3 6 8 |  8.7
Transmutations | 8 11 12 13 | 13.1
Unarmed Combat | 2 8 10 12 | 12.9
Stealth        | |  1.7

Action                   |  1- 3 |  4- 6 |  7- 9 | 10-12 | 13-15 | 16-18 | 19-21 || total
-------------------------+-------+-------+-------+-------+-------+-------+-------++-------
Melee: Staff             |     1 |    39 |     1 |    27 |    98 |    27 |     5 ||   198
       Unarmed           |       |       |       |       |       |   310 |   852 ||  1162
       Punch             |       |       |       |       |       |     6 |    34 ||    40
 Cast: Shock             |    36 |    55 |    17 |       |       |       |       ||   108
       Static Discharge  |     9 |    51 |    31 |    86 |   191 |   140 |       ||   508
       Lightning Bolt    |       |       |    39 |   112 |   399 |   369 |    51 ||   970
       Airstrike         |       |       |    33 |   122 |   160 |   105 |       ||   420
       Irradiate         |       |       |       |       |       |    10 |     8 ||    18
       Storm Form        |       |       |       |       |       |    24 |   105 ||   129
       Searing Ray       |       |       |       |       |       |     2 |       ||     2
       Silence           |       |       |       |       |       |       |    17 ||    17
 Abil: Blinkbolt         |       |       |       |       |       |       |    43 ||    43
       End Transformatio |       |       |       |       |       |       |    12 ||    12
Evoke: Wand              |       |       |       |     2 |       |    11 |       ||    13
       Phantom mirror    |       |       |       |     1 |       |       |       ||     1
       Condenser vane    |       |       |       |       |       |     2 |     1 ||     3
  Use: Scroll            |       |     8 |     5 |    14 |    11 |    18 |     4 ||    60
       Potion            |       |       |       |     2 |     7 |    18 |    12 ||    39
 Stab: Distracted        |       |       |       |     1 |       |       |       ||     1
       Fleeing           |       |       |       |       |     1 |       |       ||     1
       Sleeping          |       |       |       |       |       |     1 |     2 ||     3
       Petrified         |       |       |       |       |       |       |    12 ||    12
Armor: Robe              |     5 |    22 |    16 |     3 |       |     2 |     2 ||    50
       Steam dragon scal |       |       |       |    46 |       |       |       ||    46
       Pearl dragon scal |       |       |       |    36 |   179 |       |       ||   215
       Ring mail         |       |       |       |       |    35 |   413 |       ||   448
       Skin              |       |       |       |       |       |    66 |   186 ||   252
Dodge: Dodged            |    13 |    50 |    28 |   105 |   164 |   786 |   952 ||  2098
Block: Buckler           |       |       |       |    85 |   139 |   224 |     7 ||   455

Table legend: (Time is in decaauts)
 A = Elapsed time spent in this place.
 B = Non-inter-level travel time spent in this place.
 C = Inter-level travel time spent in this place.
 D = Time resting spent in this place.
 E = Time spent auto-exploring this place.
 F = Levels seen in this place.
 G = Mean time per level.
                   A        B        C        D        E       F      G
               +--------+--------+--------+--------+--------+-----+--------+
         Total |  69607 |  66484 |   3123 |  15904 |  40774 |  45 | 1546.8 |
       Dungeon |  24953 |  23709 |   1244 |   6132 |  14772 |  15 | 1663.5 |
          Lair |  11825 |  11135 |    690 |   2018 |   7686 |   6 | 1970.8 |
        Shoals |   4468 |   4284 |    184 |    370 |   3114 |   4 | 1117.0 |
   Spider Nest |   8111 |   7812 |    299 |   3541 |   3016 |   4 | 2027.8 |
  Orcish Mines |   2566 |   2358 |    208 |    453 |   1596 |   2 | 1283.0 |
   Elven Halls |   3176 |   3074 |    102 |     97 |   2396 |   3 | 1058.7 |
        Vaults |  10026 |   9632 |    394 |   2230 |   5793 |   4 | 2506.5 |
         Abyss |    432 |    432 |      0 |    248 |      0 |   2 |  216.0 |
       Ossuary |    611 |    611 |      0 |     82 |    376 |   1 |  611.0 |
        Bailey |   1063 |   1063 |      0 |    328 |    547 |   1 | 1063.0 |
      Ice Cave |   1247 |   1247 |      0 |     46 |    976 |   1 | 1247.0 |
       Volcano |    699 |    699 |      0 |    358 |    185 |   1 |  699.0 |
      Gauntlet |    424 |    424 |      0 |      0 |    316 |   1 |  424.0 |
               +--------+--------+--------+--------+--------+-----+--------+

Top non-repeatable levels by time:
Vaults:2: 3412 daAuts
  Lair:4: 3189 daAuts
Spider:2: 3146 daAuts
    D:14: 3085 daAuts
    D:15: 2859 daAuts
Vaults:1: 2393 daAuts
Vaults:3: 2359 daAuts
    D:10: 2317 daAuts
     D:9: 2080 daAuts
Spider:3: 2000 daAuts
    D:11: 1996 daAuts
  Lair:3: 1951 daAuts
Vaults:4: 1861 daAuts
  Lair:2: 1794 daAuts
  Lair:5: 1789 daAuts
